[Event "New Zealand Rapid Championship"]
[Site "Wellington"]
[Date "2023.01.12"]
[Round "8.8"]
[White "Carpinter, Anthony L"]
[Black "Winsley, Nicholas"]
[Result "0-1"]
[TimeControl "25+5"]
[WhiteFideId "4300238"]
[BlackFideId "4315146"]
[WhiteElo "2147"]
[BlackElo "1854"]

1. Nf3 Nf6 2. d4 d5 3. c4 c6 4. e3 a6 5. Be2 Bf5 6. O-O e6 7. Nbd2 Nbd7 8. Nh4 Bg6 9. Nxg6 hxg6 10.
Bf3 Bd6 11. h3 Qe7 12. e4 dxe4 13. Bxe4 Bc7 14. Re1 Nxe4 15. Rxe4 O-O-O 16. Nf3 Nf6 17. Bg5 Qb4 18. Bxf6 gxf6 19.
Qc2 Qd6 20. Rd1 f5 21. Ree1 g5 22. Ne5 f6 23. c5 Qd5 24. Nf7 g4 25. Nxh8 gxh3 26. f3 Rg8 27. Rd2 Qxf3 28. Rf2 Qg3 29.
Kf1 h2 30. Ke2 Rxh8 31. Rh1 Rh4 32. Kf1 Re4 33. Qc3 Re3 34. Qc4 Qg4 35. Qc2 Bg3 36. Rxh2 Bxh2 37. Qd2 Qe4 38. g4 Qh1# 0-1

[Event "New Zealand Rapid Championship"]
[Site "Wellington"]
[Date "2023.01.12"]
[Round "8.9"]
[White "Gan, Emily Cathay"]
[Black "Cummings, Nick"]
[Result "0-1"]
[TimeControl "25+5"]
[WhiteFideId "4310608"]
[BlackFideId "4301218"]
[WhiteElo "1632"]
[BlackElo "2038"]

1. c4 e6 2. Nc3 Nf6 3. Nf3 d5 4.
d4 dxc4 5. e3 a6 6. Bxc4 b5 7. Bd3 Bb7 8. O-O Nbd7 9. Re1 c5 10. Bc2 cxd4 11. Nxd4 Be7 12. a3 Rc8 13. e4 Qc7 14.
Be3 Ne5 15. Bf4 Nfd7 16. Bg3 Qb6 17. Kh1 Nc4 18. Rb1 Nxb2 19. Rxb2 Rxc3 20. a4 b4 21. Nb3 e5 22. Qg4 Bf6 23.
Rd1 Qc7 24. Nd4 h5 25. Qh3 g6 26. Ne6 Qc6 27. Nf4 exf4 28. f3 fxg3 29. Qxg3 Rxc2 30. Rbb1 O-O 31. h4 Ne5 32. f4 Ng4 33. Kg1 Qc5+ 34.
Ra1 0-1

[Event "New Zealand Rapid Championship"]
[Site "Wellington"]
[Date "2023.01.12"]
[Round "8.10"]
[White "Coates, Alex"]
[Black "Burns, Christopher J"]
[Result "1-0"]
[TimeControl "25+5"]
[WhiteFideId "4311540"]
[BlackFideId "4300920"]
[WhiteElo "1496"]
[BlackElo "2031"]

1. d4 d5 2. c4 dxc4 3. e4 Nf6 4. Nc3 e5 5. d5 b5 6. a3 a6 7. Bg5 Be7 8. Be2 Nbd7 9. Nf3 h6 10.
Bh4 Bd6 11. O-O O-O 12. Nd2 Re8 13. a4 Rb8 14. axb5 axb5 15. b3 b4 16. Na4 c3 17. Nc4 Ra8 18. Nxd6 cxd6 19. Bd3 Rb8 20.
Qc2 Nf8 21. h3 Ng6 22. Bg3 Nh5 23. Rae1 Nxg3 24. fxg3 Qg5 25. Qf2 Re7 26. Re3 Bd7 27. h4 Qh5 28. Rf3 Nh8 29. Be2 Qg6 30.
Qa7 Rbe8 31. Re3 Bb5 32. Qb6 Bxe2 33. Rxe2 Qxg3 34. Qxb4 Qd3 35. Nxc3 Rc7 36. Rf3 Qa6 37. Ra2 Qc8 38.
Ne2 Rd8 39. Kh2 Ng6 40. Qe1 Rc2 41. Rxc2 Qxc2 42. Nc1 Nf4 43. Rf2 Qb1 44. Rf1 Rc8 45. Ne2 Qxb3 46. Nxf4 exf4 47. Rxf4 Qb2 48.
Qg3 Qe5 49. Rg4 Re8 50. Qxe5 Rxe5 51. Kg3 g5 52. hxg5 Rxg5 53. Rxg5+ hxg5 54. Kg4 f6 55. Kf5 Kf7 56. g4 Ke7 57. Kg6 f5 58. Kxf5 1-0

[Event "New Zealand Rapid Championship"]
[Site "Wellington"]
[Date "2023.01.12"]
[Round "8.11"]
[White "Park-Tamati, Philli"]
[Black "Ning, Isabelle Yixuan"]
[Result "1-0"]
[TimeControl "25+5"]
[BlackTitle "WCM"]
[WhiteFideId "4309090"]
[BlackFideId "4307763"]
[WhiteElo "1861"]
[BlackElo "1911"]

1. d4 Nf6 2. Bf4 g6 3.
Nc3 d5 4. e3 Bg7 5. h4 h5 6. Be2 c6 7. Nf3 O-O 8. Qd2 Nbd7 9. Ne5 Nxe5 10. Bxe5 Ne8 11. Bxg7 Kxg7 12. e4 dxe4 13. Nxe4 Nd6 14. Ng5 Bf5 15. O-O-O 1-0

[Event "New Zealand Rapid Championship"]
[Site "Wellington"]
[Date "2023.01.12"]
[Round "8.12"]
[White "Perrin, Brent"]
[Black "Wang, Justin Zhide"]
[Result "0-1"]
[TimeControl "25+5"]
[WhiteFideId "451380"]
[BlackFideId "4312830"]
[WhiteElo "1856"]
[BlackElo "1619"]

1. e4 e6 2. Qe2 Be7 3. Nf3 d5 4. d3 Nf6 5. g3 b6 6.
Bg2 Bb7 7. e5 Nfd7 8. O-O c5 9. c3 Nc6 10. d4 Qc7 11. Bf4 a5 12. Na3 Ba6 13. Nb5 Bxb5 14. Qxb5 c4 15. Qa4 h6 16.
Qc2 b5 17. Rfe1 Nb6 18. h4 b4 19. h5 Kd7 20. Qe2 Rag8 21. Nh2 g6 22. Bd2 Qd8 23. b3 Qc7 24. Nf1 gxh5 25. Qxh5 Nd8 26.
Ne3 Ke8 27. bxc4 Nxc4 28. Nxc4 Qxc4 29. Bf1 Qc7 30. cxb4 axb4 31. Bb5+ Kf8 32. Bxh6+ Rxh6 33. Qxh6+ Rg7 34. Qd2 Qb6 35.
Ba4 b3 36. Reb1 Bg5 37. Qb2 f6 38. Qxb3 Qxd4 39. Qb5 Re7 40. exf6 Bxf6 41. Rd1 Qe4 42. Re1 Qf3 43. Rad1 Rh7 44.
Qe8+ Kg7 45. Qd7+ Nf7 46. Qxf7+ Kxf7 0-1

[Event "New Zealand Rapid Championship"]
[Site "Wellington"]
[Date "2023.01.12"]
[Round "8.13"]
[White "Sun, Wanyao Sarah"]
[Black "Suggate, Romero"]
[Result "1-0"]
[TimeControl "25+5"]
[WhiteFideId "4313887"]
[BlackFideId "4313534"]
[WhiteElo "1270"]
[BlackElo "1806"]

1. e4 c5 2. Nf3 Nf6 3. Nc3 d5 4. exd5 Nxd5 5. d4 Nxc3 6.
bxc3 e6 7. Bd3 Nc6 8. O-O Be7 9. Bf4 O-O 10. Ne5 Nxe5 11. Bxe5 Bd6 12. Bxd6 Qxd6 13. Re1 b6 14. Re3 g6 15.
Rh3 e5 16. Rg3 exd4 17. cxd4 Qxd4 18. Rc1 Be6 19. c3 Qf4 20. Rf3 Qd6 21. Rg3 Rfd8 22. Qf3 Bxa2 23. c4 Bb3 24. h4 Ba4 25.
h5 Bc6 26. Qe3 Qd4 27. hxg6 fxg6 28. Qe6+ Kh8 29. Qxc6 Rac8 30. Qe6 Rf8 31. Rf3 Rce8 32. Rxf8+ Rxf8 33. Qe2 Rd8 34. Bc2 Rf8 35. Rd1 Qf6 36. Rd7 Qa1+ 37.
Kh2 Qf6 38. Re7 Qxf2 39. Qxf2 Rxf2 40. Ba4 Ra2 41. Bb5 Ra5 42. Bc6 Ra3 43. Bd5 Ra5 44. Re8+ Kg7 45. Re7+ Kh6 46. Bg8 a6 47.
Rxh7+ Kg5 48. Rc7 Ra4 49. Rc6 b5 50.
cxb5 axb5 51. Rxc5+ Kf4 52. Rxb5 g5 53. Rc5 Ra3 54. Rc4+ Kf5 55. Rc5+ Kf4 56. Rc2 Kf5 57. Rf2+ Kg4 58.
Be6+ Kh4 59. Rf3 Ra4 60. Rh3# 1-0

[Event "New Zealand Rapid Championship"]
[Site "Wellington"]
[Date "2023.01.12"]
[Round "8.14"]
[White "Malcolm, Leo"]
[Black "Winter, Ryan"]
[Result "0-1"]
[TimeControl "25+5"]
[WhiteFideId "4317408"]
[BlackFideId "4306295"]
[WhiteElo "1801"]
[BlackElo "2117"]

1. e4 c6 2. Bc4 d5 3. Bb3 Nf6 4. e5 Ng8 5. d4 Bf5 6. f4 e6 7. Nf3 Ne7 8. Nh4 Be4 9. Nd2 Nf5 10.
Nxe4 Nxh4 11. Qe2 dxe4 12. Qxe4 Nf5 13. O-O Qxd4+ 14. Qxd4 Nxd4 15. c3 Nxb3 16. axb3 Bc5+ 17. Kh1 Nd7 18. f5 O-O 19. f6 Nxe5 20. fxg7 Kxg7 21. Rf4 Rad8 22. h3 Rd1+ 23. Kh2 Ng6 24. Rg4 Be3 25. Bxe3 Rxa1 26.
Bd4+ f6 27. h4 h5 28. Rg3 Rd8 29. b4 e5 30. Bg1 Rdd1 31. Bb6 Rh1# 0-1

[Event "New Zealand Rapid Championship"]
[Site "Wellington"]
[ePGN "0.1;DGT LiveChess/2.2.5"]
[Date "2023.01.12"]
[Round "9.1"]
[White "Shoker, Samy"]
[Black "Hague, Ben"]
[Result "1-0"]
[TimeControl "25+5"]
[WhiteTitle "GM"]
[BlackTitle "FM"]
[WhiteFideId "627143"]
[BlackFideId "405647"]
[WhiteElo "2440"]
[BlackElo "2410"]

1. Nf3 d5 2. g3 Nc6 3. d3 e5 4.
Bg2 Nf6 5. O-O Bc5 6. Nc3 O-O 7. Nxe5 Bxf2+ 8. Rxf2 Nxe5 9. d4 Neg4 10. Rf1 Re8 11. Qd3 c6 12. h3 Nh6 13. Bg5 Re6 14.
e4 Qb6 15. Bxf6 gxf6 16. exd5 cxd5 17. Nxd5 Qd6 18. c4 f5 19. c5 Qd8 20. Nf4 Re8 21. Rae1 Be6 22. Bxb7 Rb8 23. Bc6 Bd7 24.
Rxe8+ Qxe8 25. Bxd7 Qxd7 26. b3 Qc6 27. Qf3 Qf6 28. Qe3 Kf8 29. Qe5 Qd8 30. c6 Rc8 31. Rc1 Ng8 32. d5 Qb6+ 33. Kg2 Re8 34. Qd6+ Kg7 35.
Qc5 Qa6 36. Qd4+ Kf8 37. Rc2 Re1 38. Qf2 Rd1 39. d6 Qb5 40. c7 Qb7+ 41. Qf3 Rg1+ 42. Kxg1 Qxf3 43. c8=Q+ Kg7 44. Qc3+ 1-0

[Event "New Zealand Rapid Championship"]
[Site "Wellington"]
[Date "2023.01.12"]
[Round "9.2"]
[White "Dive, Russell J"]
[Black "Xie, Felix"]
[Result "1/2-1/2"]
[TimeControl "25+5"]
[WhiteTitle "IM"]
[BlackTitle "CM"]
[WhiteFideId "4300106"]
[BlackFideId "4308174"]
[WhiteElo "2367"]
[BlackElo "2232"]

1. Nf3 d5 2. g3 Nf6 3. Bg2 c6 4. O-O Bg4 5. Ne5 Bf5 6.
d3 e6 7.
Bg5 Bd6 8. d4 h6 9. Bf4 Qe7 10. Nd2 Nbd7 11. Ndf3 Rc8 12. c4 dxc4 13. Nxc4 Bxf4 14. gxf4 Be4 15. Rc1 O-O 16. a3 c5 17.
dxc5 Rxc5 18. Qd6 Qxd6 19. Nxd6 Bd5 20. b4 Rc6 21.
Rxc6 bxc6 22. Rc1 a5 23. bxa5 Ra8 24. Ne5 Bxg2 25. Kxg2 Rxa5 26. Nxd7 Nxd7 27. Rxc6 Rxa3 28. Rc7 Nf6 29.
Rc8+ Kh7 30. Nxf7 Kg6 31. Ne5+ Kf5 32.
Nd3 g5 33. Rc5+ Nd5 34. fxg5 hxg5 35. h3 Rc3 36. Rb5 Kf6 37. Rb8 Kg7 38. Re8 Kf7 39. Rh8 Kg7 40. Ra8 Rb3 41. Ra4 Kf6 42.
Re4 Rc3 43. Ra4 Kg7 44. Kf3 Nf4 45. Kg4 Nxd3 46. exd3 Rxd3 47. Ra5 Kf6 48. Rb5 Rd4+ 49. Kg3 Rd3+ 50. f3 Rd1 51. Ra5 Ke5 52. Kg2+ 1/2-1/2

[Event "New Zealand Rapid Championship"]
[Site "Wellington"]
[Date "2023.01.12"]
[Round "9.3"]
[White "Winsley, Nicholas"]
[Black "Van Riemsdijk, Herman C."]
[Result "0-1"]
[TimeControl "25+5"]
[BlackTitle "IM"]
[WhiteFideId "4315146"]
[BlackFideId "2100053"]
[WhiteElo "1854"]
[BlackElo "2370"]

1. e4 e5 2. Nf3 Nc6 3. Bc4 Nf6 4. d3 Be7 5. c3 O-O 6. O-O d5 7. exd5 Nxd5 8. Be3 Be6 9. Bb3 Qd7 10.
Bg5 f6 11. Be3 Rad8 12. d4 e4 13. Nfd2 f5 14. c4 Nxe3 15. fxe3 Nxd4 16. exd4 Qxd4+ 17. Kh1 Qxb2 18. c5 Bf7 19.
Bxf7+ Rxf7 20. Qb3 Bf6 21. Qxb2 Bxb2 22. Nb3 e3 23. Re1 f4 24. Kg1 Rd5 0-1

[Event "New Zealand Rapid Championship"]
[Site "Wellington"]
[Date "2023.01.12"]
[Round "9.4"]
[White "Ker, Anthony F"]
[Black "Archer, Ollie"]
[Result "1-0"]
[TimeControl "25+5"]
[WhiteTitle "IM"]
[WhiteFideId "4300084"]
[BlackFideId "4317262"]
[WhiteElo "2359"]
[BlackElo "1806"]

1. e4 c6 2. Nf3 d5 3. exd5 cxd5 4. Ne5 Nc6 5. d4 Nf6 6. Bb5 Bd7 7. Nxd7 Qxd7 8. c3 e6 9. O-O Bd6 10.
Nd2 O-O 11. Re1 a6 12. Bd3 b5 13. Nf3 h6 14. Ne5 Qc7 15. Nxc6 Qxc6 16. Qf3 Nd7 17. g4 e5 18. Bf5 Rfe8 19.
Bd2 e4 20. Qh3 Be7 21. g5 Bxg5 22. Bxg5 hxg5 23. Bxd7 1-0

[Event "New Zealand Rapid Championship"]
[Site "Wellington"]
[Date "2023.01.12"]
[Round "9.5"]
[White "Sole, Michael D"]
[Black "Croad, Nicolas"]
[Result "0-1"]
[TimeControl "25+5"]
[BlackTitle "FM"]
[WhiteFideId "4309030"]
[BlackFideId "4300793"]
[WhiteElo "2093"]
[BlackElo "2309"]

1. e4 e5 2. Nf3 Nc6 3. Bb5 a6 4. Ba4 Nf6 5. O-O Be7 6. Re1 b5 7. Bb3 O-O 8. a4 b4 9. d4 Nxd4 10.
Nxd4 exd4 11. e5 Ne8 12. Qxd4 c5 13. Qd3 Bb7 14. a5 d5 15. exd6 Qxd6 16. Qxd6 Bxd6 17. Be3 Nf6 18. h3 Rfe8 19.
Nd2 Nd5 20. Nc4 Bf8 21. Rad1 Nxe3 22. Rxe3 Rad8 23. Rde1 Rxe3 24. Nxe3 g6 25. Rd1 Rxd1+ 26. Nxd1 Bg7 27. c3 Be5 28.
Ne3 bxc3 29. bxc3 Bxc3 30. Nc4 Bd5 31. Kf1 Kf8 32. g3 Ke7 33. Ke2 Bd4 34. f3 g5 35. Nd2 Bxb3 36. Nxb3 Kd6 37. Kd3 Kd5 38. Nd2 f5 39.
Nc4 Bf2 40. g4 fxg4 41. fxg4 Be1 42. Nb6+ Kc6 43. Kc4 Bxa5 44. Na4 Bb4 45. Nb2 Kd6 46. Nd3 a5 47. Nf2 Ke5 48. Nd3+ Ke4 49. Nf2 Kf3 50. Nd3 Kg3 51. Ne5 Kxh3 52. Kb3 Kg3 53. Kc4 Kf4 0-1

[Event "New Zealand Rapid Championship"]
[Site "Wellington"]
[Date "2023.01.12"]
[Round "9.6"]
[White "Cummings, Nick"]
[Black "Coates, Alex"]
[Result "1/2-1/2"]
[TimeControl "25+5"]
[WhiteFideId "4301218"]
[BlackFideId "4311540"]
[WhiteElo "2038"]
[BlackElo "1496"]

1. Nf3 Nf6 2. c4 c5 3. g3 Nc6 4.
Bg2 e5 5. Nc3 Be7 6. O-O d6 7. d3 O-O 8. Bg5 h6 9. Bxf6 Bxf6 10. a3 Re8 11. Rb1 Nd4 12. b4 Rb8 13. Re1 Bg4 14.
Nd2 Be7 15. bxc5 dxc5 16. Rxb7 Rxb7 17. Bxb7 Qa5 18. Ndb1 Rb8 19. Bf3 Bf5 20. Bg2 Bg4 21. Kf1 Bg5 22. Ne4 Be7 23. Qd2 Qa6 24.
h3 Bxe2+ 25. Rxe2 Rxb1+ 26. Re1 Qb6 27. Nc3 Rxe1+ 28. Qxe1 Qb7 1/2-1/2

[Event "New Zealand Rapid Championship"]
[Site "Wellington"]
[Date "2023.01.12"]
[Round "9.7"]
[White "Van der Hoorn, Thomas"]
[Black "Park-Tamati, Philli"]
[Result "0-1"]
[TimeControl "25+5"]
[WhiteFideId "4314565"]
[BlackFideId "4309090"]
[WhiteElo "1888"]
[BlackElo "1861"]

1. e4 c6 2. d4 d5 3. Nc3 dxe4 4. Nxe4 Bf5 5. Ng3 Bg6 6. h4 h6 7. Nf3 Nd7 8. h5 Bh7 9. Bd3 Bxd3 10. Qxd3 e6 11. Bd2 Ngf6 12. O-O-O Be7 13. Kb1 O-O 14. Ne4 Nxe4 15. Qxe4 Nf6 16. Qe2 Qd5 17. Ne5 Qb5 18.
c4 Qb6 19. g4 Rad8 20. Bc3 Qc7 21. f4 Nh7 22. Rdg1 b5 23. cxb5 cxb5 24. Qxb5 Rb8 25. Qc6 Rfc8 26. Qxc7 Rxc7 27. Ka1 Bb4 28. Rc1 Rbc8 29.
Rh3 Nf6 30. a3 Ba5 31. b4 Nd5 32. Kb2 Nxf4 33. Rf3 Ne2 34. Rcf1 Bb6 35. Nxf7 Rxc3 36. Nd6 Bxd4 37. Rxc3 Rxc3 38.
Ka2 Rc6 39. Ne4 Nc3+ 40. Nxc3 Rxc3 41. a4 e5 42. Rd1 Rg3 43. Kb1 Rb3+ 44. Kc2 Rxb4 45. a5 Ra4 46. Kd3 Rxa5 47. Ke4 Ra6 48. Rc1 Rd6 49. Kf5 Rf6+ 50. Ke4 Re6 51. Kd5 Kf7 52.
Rc7+ Re7 53. Rc8 e4 54. Kxd4 e3 55. Rc1 e2 56. Re1 Kf6 57. Kd5 Kg5 58. Kd6 Re3 59. Kd5 a5 60. Kd4 Re8 61. Kc3 Kxg4 62. Kb2 Re3 63. Ka2 Kf3 64. Rc1 e1=Q 65. Rc2 Re2 66. Kb2 Qb4+ 67. Ka1 Qa3+ 68. Kb1 Qb3+ 69. Ka1 Qa4+ 70. Kb2 Rxc2+ 0-1

[Event "New Zealand Rapid Championship"]
[Site "Wellington"]
[Date "2023.01.12"]
[Round "9.8"]
[White "Wang, Justin Zhide"]
[Black "Sun, Wanyao Sarah"]
[Result "1-0"]
[TimeControl "25+5"]
[WhiteFideId "4312830"]
[BlackFideId "4313887"]
[WhiteElo "1619"]
[BlackElo "1270"]

1. e4 c6 2. d4 d5 3. Nc3 dxe4 4.
Nxe4 Nf6 5. Nxf6+ exf6 6. Nf3 Bd6 7. Bd3 O-O 8. O-O Bg4 9. c3 c5 10. d5 Na6 11. Be2 Nc7 12. c4 b5 13.
b3 b4 14. h3 Bh5 15. Bb2 Ne8 16. Nd2 Bxe2 17. Qxe2 Bc7 18. Ne4 Nd6 19. Nxc5 Nf5 20. Nd3 Qd6 21. g3 Nxg3 22. fxg3 Qxg3+ 23. Qg2 Qxd3 24. Bxf6 g6 25.
Rad1 Qe3+ 26. Kh1 Rfe8 27. Bd4 Qe7 28. c5 Qe2 29. Qxe2 Rxe2 30. d6 Bd8 31. Rf2 Re4 32. c6 Rc8 33. c7 Bxc7 34. dxc7 Rxc7 35.
Bf6 Re8 36. Rfd2 Rcc8 37. Rd8 Rcxd8 38. Rxd8 Rxd8 39. Bxd8 Kf8 40. Ba5 Ke8 41. Bxb4 Kd7 42. Kg2 Kc6 43. Kf3 Kb5 44. a3 a5 45.
Bf8 a4 46. b4 f5 47. Kf4 Kc4 48.
h4 Kb5 49. h5 gxh5 50. Kxf5 Kb6 51. Kg5 Kb5 52. Kxh5 Kb6 53. Kh6 Kb5 54. Kxh7 Ka6 55. Kg6 Kb5 56. Kf5 Ka6 57. Ke6 Kb6 58.
Kd5 Kb5 59. Be7 Kb6 60. Kc4 Ka6 61. b5+ Kb6 62. Kb4 Kb7 63. Kxa4 Kb6 64. Kb4 1-0

[Event "New Zealand Rapid Championship"]
[Site "Wellington"]
[Date "2023.01.12"]
[Round "9.9"]
[White "Parfene, Horatiu"]
[Black "Winter, Ryan"]
[Result "0-1"]
[TimeControl "25+5"]
[WhiteFideId "1208438"]
[BlackFideId "4306295"]
[WhiteElo "2085"]
[BlackElo "2117"]

1. Nf3 d5 2. g3 c6 3. Bg2 Bg4 4. O-O Nd7 5. d3 e5 6. Nc3 Ngf6 7. e4 dxe4 8. Nxe4 Be7 9. h3 Bxf3 10. Bxf3 O-O 11. Be3 Re8 12.
c3 Qc7 13. a4 a5 14. Qb3 Nxe4 15. Bxe4 Bc5 16. Qc4 Bxe3 17. fxe3 Re7 18. Bxh7+ Kf8 19. Qh4 Re6 20. Bg6 Rxg6 21.
Qh8+ Ke7 22. Qxa8 Rxg3+ 23. Kf2 Rxh3 24. Rh1 Rxh1 25. Rxh1 Nc5 26. Rh8 Qb6 27. Re8+ Kf6 28. Qd8+ Qxd8 29. Rxd8 Nxa4 30. Ra8 Nxb2 31. Ke2 Na4 32. Kd2 Nc5 33. d4 exd4 34. exd4 Nd7 35.
Ra7 Ke6 36. Rxb7 f5 37. Ra7 g5 38. Rxa5 g4 39. Ke3 Nb6 40. Re5+ Kf6 41. Rc5 Nd5+ 42. Kf2 Ne7 43. Kg3 Kg5 44.
c4 Kf6 45. Ra5 Kg5 46. Ra7 f4+ 47. Kf2 Nf5 48. d5 cxd5 49. c5 g3+ 50. Kg1 f3 51. c6 f2+ 52. Kg2 Ne3+ 0-1

[Event "New Zealand Rapid Championship"]
[Site "Wellington"]
[Date "2023.01.12"]
[Round "9.11"]
[White "Yu, Zachary"]
[Black "McDougall, Euan"]
[Result "1/2-1/2"]
[TimeControl "25+5"]
[WhiteFideId "4311930"]
[BlackFideId "4304985"]
[WhiteElo "1675"]
[BlackElo "1875"]

1. d4 g6 2. c4 Bg7 3. Nc3 c5 4. d5 Bxc3+ 5. bxc3 f5 6. Nf3 d6 7. g3 Qa5 8. Bb2 Nd7 9. Bg2 Nb6 10. Nd2 Na4 11. Qc2 Nxb2 12. Qxb2 Nf6 13. O-O O-O 14. Rae1 Nd7 15. e4 Ne5 16. Qc2 fxe4 17. Bxe4 Bh3 18. Bg2 Bf5 19. Be4 Bh3 1/2-1/2

[Event "New Zealand Rapid Championship"]
[Site "Wellington"]
[Date "2023.01.12"]
[Round "9.12"]
[White "Hwang, Ryan"]
[Black "Zhang, Kendrick Botong"]
[Result "0-1"]
[TimeControl "25+5"]
[BlackTitle "CM"]
[WhiteFideId "4313313"]
[BlackFideId "4307704"]
[WhiteElo "1402"]
[BlackElo "1870"]

1. e4 c5 2. Nf3 e6 3. d4 cxd4 4. Nxd4 Nc6 5. Nc3 Qc7 6. Be3 a6 7. Be2 Nf6 8. a3 Be7 9. O-O O-O 10.
Re1 b5 11. Qd2 Bb7 12. Bf3 d6 13. Rad1 Ne5 14. Bg5 Nc4 15. Qc1 Nxa3 16. bxa3 Qxc3 17. Rd3 Qc7 18. Ree3 Ne8 19. Rc3 Qd7 20.
Red3 Bxg5 21. Qxg5 h6 22. Qg3 Qe7 23. Re3 Nf6 24. e5 dxe5 25. Rxe5 Qd7 26. Rd3 Qc7 27. Bxb7 Qxb7 28. Rf3 Ne4 29.
Qf4 Ng5 30. Rg3 f6 31. Rxe6 Nxe6 32. Nxe6 Rae8 33. Qe3 Qd7 34. Qxh6 Qd1# 0-1

[Event "New Zealand Rapid Championship"]
[Site "Wellington"]
[Date "2023.01.12"]
[Round "9.13"]
[White "Wells, Clinton A"]
[Black "Tang, Hao"]
[Result "0-1"]
[TimeControl "25+5"]
[WhiteFideId "4301188"]
[BlackFideId "4311280"]
[WhiteElo "1785"]
[BlackElo "1846"]

1. c4 Nf6 2. Nc3 c5 3. Nf3 d5 4. d4 cxd4 5. Nxd4 e5 6. Nf3 e4 7. Nd4 Bc5 8. e3 O-O 9. cxd5 Re8 10.
Bb5 Re5 11. a3 Nxd5 12. Na4 Be7 13. Bd2 Rg5 14. Bf1 Nd7 15. g3 Ne5 16. Qc2 Nf6 17. Be2 Bg4 18. h3 Bxe2 19. Kxe2 Rc8 20.
Qb3 Nc4 21. Bb4 Re5 22. Rac1 b5 23. Bxe7 bxa4 24. Bxd8 axb3 25. Bxf6 gxf6 26. Nxb3 Rb5 27. Rc3 Rcb8 28. Rxc4 Rxb3 29.
Rxe4 Rxb2+ 30. Kf3 R8b5 31. Rc1 Ra2 32. a4 Rbb2 33. Rc8+ Kg7 34. Rg4+ Kh6 35. Rcg8 Rxf2+ 36. Ke4 f5+ 37. Ke5 fxg4 38. hxg4 Rxa4 39.
g5+ Kh5 40. Rg7 Ra5+ 41. Kd6 Rxg5 42. Rxh7+ Kg4 43. Rh4+ Kxg3 0-1

[Event "New Zealand Rapid Championship"]
[Site "Wellington"]
[Date "2023.01.12"]
[Round "9.14"]
[White "Langford, Joshua"]
[Black "Young, Cohen"]
[Result "1-0"]
[TimeControl "25+5"]
[WhiteFideId "4314557"]
[BlackFideId "4317440"]
[WhiteElo "1843"]
[BlackElo "1777"]

1. e4 c5 2. Nf3 d6 3. d4 cxd4 4. Nxd4 Nf6 5. Nc3 Nc6 6.
Bc4 Qb6 7. Nb3 e6 8. Bf4 Ne5 9.
Be2 Bd7 10. Qd2 a6 11. O-O-O Be7 12. g4 Nfxg4 13. Rhg1 g5 14. Bxg5 Bxg5 15. Qxg5 h6 16. Qg7 Ke7 17. Rxg4 Nxg4 18. Qxg4 Qxf2 19. Rf1 Qxh2 20.
Qg7 Raf8 21. Qf6+ Ke8 22. Nd4 Qe5 23. Qf2 h5 24. Nf3 Qf4+ 25. Kb1 h4 26. e5 dxe5 27. Rd1 Bc6 28. Qc5 Bxf3 29.
Qd6 Qd4 30. Rxd4 exd4 31. Bxf3 dxc3 32. Bxb7 f5 33. Qxe6+ Kd8 34. Bc6 Rh7 35. Qd6+ 1-0